[Event "Titled Tuesday Blitz August 22 Late 2023"]
[White "petr577"]
[Black "szachmistrz2500"]
[WhiteElo "2384"]
[BlackElo "2514"]
[Result "0-1"]
[Round "4"]
[TimeControl "180+1"]
[Date "2023.08.22"]
[WhiteClock "0:00:00"]
[BlackClock "0:00:43"]
[Board "141"]

1. d4 Nf6 2. Bg5 Ne4 3. Bf4 d6 4. Nd2 Nxd2 5. Qxd2 Nd7 6. Nf3 g6 7. e4 Bg7 8. O-O-O c6 9. Bh6 O-O 10. h4 Nf6 11. Bd3 Bg4 12. Rdg1 Bxf3 13. gxf3 Nh5 14. Bxg7 Kxg7 15. Rg5 e6 16. e5 dxe5 17. Rxh5 Qxd4 18. Rg5 f6 19. Rg4 Qd5 20. h5 g5 21. h6+ Kh8 22. Rhg1 Qxf3 23. Kb1 Rad8 24. Rxg5 e4 25. Rg7 exd3 26. Rxb7 Rg8 0-1


[Site "https://www.chess.com"]

[Event "Titled Tuesday Blitz August 22 Late 2023"]
[White "Gasparyan, David"]
[Black "Delorme, Axel"]
[WhiteFideId "13311980"]
[BlackFideId "632023"]
[WhiteElo "2513"]
[BlackElo "2378"]
[Result "1-0"]
[Round "4"]
[TimeControl "180+1"]
[Date "2023.08.22"]
[WhiteClock "0:00:55"]
[BlackClock "0:01:14"]
[Board "142"]

1. e4 c5 2. Nc3 Nc6 3. g3 g6 4. Bg2 Bg7 5. d3 e6 6. Be3 b6 7. Nb5 d6 8. e5 d5 9. Nd6+ Kf8 10. Nxc8 Rxc8 11. f4 Nge7 12. Nf3 Nf5 13. Bf2 h5 14. h3 b5 15. a3 Ncd4 16. c3 Nxf3+ 17. Qxf3 d4 18. O-O Kg8 19. a4 b4 20. cxb4 cxb4 21. a5 Rc2 22. Qb7 Kh7 23. Qxf7 Rxb2 24. Qxa7 Rf8 25. a6 h4 26. g4 Ng3 27. Bxg3 hxg3 28. Qb7 Rf2 29. a7 R2xf4 30. Rxf4 Rxf4 31. a8=Q 1-0


[Site "https://www.chess.com"]

[Event "Titled Tuesday Blitz August 22 Late 2023"]
[White "Gallo Garcia, Kemel Antonio"]
[Black "Bogaudinov, Rushan"]
[WhiteFideId "3523896"]
[BlackFideId "4129288"]
[WhiteElo "2509"]
[BlackElo "2374"]
[Result "1-0"]
[Round "4"]
[TimeControl "180+1"]
[Date "2023.08.22"]
[WhiteClock "0:00:06"]
[BlackClock "0:00:00"]
[Board "143"]

1. d4 g6 2. b3 Bg7 3. Bb2 c5 4. Nf3 d5 5. e3 Nc6 6. Be2 cxd4 7. exd4 Nf6 8. O-O O-O 9. Nbd2 Bg4 10. Ne5 Bxe2 11. Qxe2 e6 12. Rad1 Rc8 13. c4 Qa5 14. a3 Rfd8 15. b4 Qa4 16. c5 a5 17. Nxc6 bxc6 18. bxa5 Qxa5 19. Qd3 Ra8 20. Ra1 Qa4 21. Rfb1 Rdb8 22. Bc3 Nd7 23. Nf3 Rb3 24. h4 Nxc5 25. dxc5 Rxc3 26. Qd2 Rxc5 27. Ra2 Rb5 28. Rc1 c5 29. h5 c4 30. h6 Bf6 31. Qf4 Be7 32. Ne5 f6 33. Nd7 Kf7 34. Qc7 Qa7 35. Qc6 Rc5 36. Nxc5 Bxc5 37. Re1 Re8 38. Rae2 Qe7 39. a4 Bb4 40. Rd1 c3 41. Rxd5 e5 42. Rd7 Ba3 43. Qc4+ Kf8 44. Rxe7 Bxe7 45. Qxc3 Rd8 46. Rd2 Bd6 47. Qc6 Ke7 48. Qb7+ Rd7 49. Qb5 f5 50. g3 Rc7 51. Kg2 e4 52. Qd5 Rd7 53. Qg8 Kf6 54. Rxd6+ Rxd6 55. Qxh7 Kg5 56. Qe7+ Rf6 57. h7 e3 58. f4+ Kg4 59. Qxf6 1-0


[Site "https://www.chess.com"]

[Event "Titled Tuesday Blitz August 22 Late 2023"]
[White "Vafin, Ayrat"]
[Black "Nunez V, Gustavo Eduardo"]
[WhiteFideId "4146530"]
[BlackFideId "4403690"]
[WhiteElo "2506"]
[BlackElo "2434"]
[Result "0-1"]
[Round "4"]
[TimeControl "180+1"]
[Date "2023.08.22"]
[WhiteClock "0:00:00"]
[BlackClock "0:00:21"]
[Board "144"]

1. e4 c5 2. Be2 Nc6 3. f4 g6 4. Nf3 Bg7 5. c3 e6 6. O-O d5 7. d3 Nge7 8. a4 O-O 9. Be3 b6 10. Na3 Ba6 11. e5 d4 12. cxd4 Nf5 13. Bf2 Ncxd4 14. Nxd4 Nxd4 15. Nc4 Bxc4 16. dxc4 Nxe2+ 17. Qxe2 Qc7 18. Rfd1 Rfd8 19. Rxd8+ Rxd8 20. Rd1 Bf8 21. Bh4 Be7 22. Bxe7 Qxe7 23. Rd3 Rd4 24. Rxd4 cxd4 25. Qd3 Qc5 26. Kf2 Kg7 27. b3 f6 28. exf6+ Kxf6 29. Kf3 e5 30. Qe4 Qd6 31. fxe5+ Qxe5 32. Qc6+ Kg5 33. Qd5 Kf6 34. Qc6+ Kg7 35. Qd7+ Kh6 36. Qh3+ Kg5 37. Qg4+ Kf6 38. Qf4+ Ke6 39. Qe4 Kd6 40. b4 Qf5+ 41. Qxf5 gxf5 42. Kf4 a5 0-1


[Site "https://www.chess.com"]

[Event "Titled Tuesday Blitz August 22 Late 2023"]
[White "Merino Garcia, Rafael II"]
[Black "Swicarz, Maciej"]
[WhiteFideId "2209128"]
[BlackFideId "1113585"]
[WhiteElo "2371"]
[BlackElo "2505"]
[Result "0-1"]
[Round "4"]
[TimeControl "180+1"]
[Date "2023.08.22"]
[WhiteClock "0:00:00"]
[BlackClock "0:00:02"]
[Board "145"]

1. d4 Nf6 2. Nf3 e6 3. g3 c5 4. c4 cxd4 5. Nxd4 d5 6. Bg2 Nc6 7. O-O Bc5 8. Nxc6 bxc6 9. Qc2 Bb6 10. b3 Bd4 11. Bb2 Bxb2 12. Qxb2 O-O 13. Nc3 Ba6 14. Qa3 Qc8 15. Rac1 dxc4 16. bxc4 Bxc4 17. Qc5 Qa6 18. Qxc6 Bxe2 19. Nxe2 Qxe2 20. Qxa8 Rxa8 21. Bxa8 g5 22. a4 h5 23. a5 h4 24. Rc3 h3 25. Bf3 Qd2 26. Rfc1 g4 27. Bh1 Kg7 28. a6 Qe2 29. Rc7 Qxa6 30. R7c4 Qa2 31. Rf4 e5 32. Rfc4 Qd2 33. Bc6 e4 34. R4c3 e3 35. fxe3 Nd5 36. Bxd5 Qxd5 37. R3c2 Qf3 38. Re1 a5 39. Rf2 Qe4 40. Rf4 Qe6 41. Ref1 Qd7 42. Rd4 Qe6 43. Kf2 Qa2+ 44. Ke1 Qb1+ 45. Ke2 Qb2+ 46. Rd2 Qb5+ 47. Ke1 Qb1+ 48. Ke2 Qb5+ 49. Rd3 a4 50. Rf4 f5 51. Kd2 Qb2+ 52. Kd1 a3 53. Rc4 a2 54. Rc7+ Kf6 55. Rc6+ Ke5 56. Rc5+ Ke4 0-1


[Site "https://www.chess.com"]

[Event "Titled Tuesday Blitz August 22 Late 2023"]
[White "only_strong_moves"]
[Black "Gaboyan, Susanna"]
[BlackFideId "13303627"]
[WhiteElo "2505"]
[BlackElo "2369"]
[Result "1-0"]
[Round "4"]
[TimeControl "180+1"]
[Date "2023.08.22"]
[WhiteClock "0:02:27"]
[BlackClock "0:00:00"]
[Board "146"]

1. d4 Nf6 2. Nc3 d5 3. Bf4 c6 4. e3 Bf5 5. Nf3 e6 6. Ne5 Bd6 7. g4 Bxe5 8. dxe5 Nxg4 9. Rg1 Qh4 10. Bg3 Qh6 11. Bf4 Qh4 12. Bg3 Qh5 13. h3 Bxc2 14. Qxg4 Qxg4 15. hxg4 1-0


[Site "https://www.chess.com"]

[Event "Titled Tuesday Blitz August 22 Late 2023"]
[White "Jakubowska, Anna"]
[Black "Van Foreest, Machteld"]
[WhiteFideId "1121952"]
[BlackFideId "1051563"]
[WhiteElo "2364"]
[BlackElo "2502"]
[Result "0-1"]
[Round "4"]
[TimeControl "180+1"]
[Date "2023.08.22"]
[WhiteClock "0:00:19"]
[BlackClock "0:00:26"]
[Board "147"]

1. e4 c5 2. Nc3 g6 3. g3 Bg7 4. Bg2 e6 5. d3 Ne7 6. Be3 Na6 7. Qd2 d5 8. exd5 exd5 9. Bh6 O-O 10. h4 Nf5 11. Bxg7 Nxg7 12. Nxd5 Re8+ 13. Ne2 Bg4 14. Nf4 Bxe2 15. Nxe2 Qe7 16. Bf3 Nf5 17. O-O-O Qf6 18. Nf4 Nd4 19. Bg2 Nb4 20. Nd5 Nxd5 21. Bxd5 Re2 22. Qg5 Rxc2+ 23. Kb1 Qb6 24. b3 Qa6 25. a4 Rxf2 26. h5 Rf5 27. Bxf7+ Rxf7 28. hxg6 Qxg6 29. Qe3 Qe6 30. Qg5+ Kh8 0-1


[Site "https://www.chess.com"]

[Event "Titled Tuesday Blitz August 22 Late 2023"]
[White "Reprintsev, Alexander"]
[Black "Tinmaz, Kerem"]
[WhiteFideId "14100541"]
[BlackFideId "44559151"]
[WhiteElo "2501"]
[BlackElo "2361"]
[Result "0-1"]
[Round "4"]
[TimeControl "180+1"]
[Date "2023.08.22"]
[WhiteClock "0:00:36"]
[BlackClock "0:00:10"]
[Board "148"]

1. e4 c6 2. Nc3 d5 3. Nf3 Bg4 4. h3 Bxf3 5. Qxf3 e6 6. Be2 Nf6 7. e5 Nfd7 8. Qg3 c5 9. f4 Nc6 10. O-O g6 11. h4 h5 12. Bd1 Be7 13. Qh2 Bxh4 14. Nb5 Be7 15. g4 h4 16. d4 Qb6 17. a4 a6 18. Nd6+ Bxd6 19. exd6 cxd4 20. Kh1 O-O-O 21. f5 gxf5 22. gxf5 e5 23. f6 Nb4 24. c3 Nd3 25. cxd4 Qxd4 26. Bd2 Rdg8 27. Bf3 Rg3 28. Bc3 Qe3 29. Bd2 Qb6 30. Bxd5 Qxd6 31. Be4 N7c5 32. Bf5+ Kb8 33. b4 Qc6+ 0-1


[Site "https://www.chess.com"]

[Event "Titled Tuesday Blitz August 22 Late 2023"]
[White "Labussiere, Yago"]
[Black "Miszler, Levente"]
[WhiteFideId "2186969"]
[BlackFideId "763276"]
[WhiteElo "2360"]
[BlackElo "2499"]
[Result "1-0"]
[Round "4"]
[TimeControl "180+1"]
[Date "2023.08.22"]
[WhiteClock "0:02:10"]
[BlackClock "0:01:53"]
[Board "149"]

1. d4 Nf6 2. c4 c5 3. Nf3 cxd4 4. Nxd4 Nc6 5. Nc3 g6 6. e4 Bg7 7. Be3 d6 8. Be2 O-O 9. O-O Bd7 10. f3 a6 11. Qd2 Rc8 12. Rab1 Qc7 13. b3 Nxd4 14. Bxd4 Bc6 15. Rfc1 Rfd8 16. Nd5 Bxd5 17. cxd5 Qd7 18. Bf1 Nh5 19. Bxg7 Nxg7 20. g3 e6 21. Bh3 Rxc1+ 22. Rxc1 Rc8 23. Rc3 Rc5 24. dxe6 Nxe6 25. Rxc5 1-0


[Site "https://www.chess.com"]

[Event "Titled Tuesday Blitz August 22 Late 2023"]
[White "Martins, Bruno Andre Leite"]
[Black "Ozen, Batuhan"]
[WhiteFideId "1942255"]
[BlackFideId "6345123"]
[WhiteElo "2498"]
[BlackElo "2357"]
[Result "0-1"]
[Round "4"]
[TimeControl "180+1"]
[Date "2023.08.22"]
[WhiteClock "0:00:04"]
[BlackClock "0:00:13"]
[Board "150"]

1. e4 g6 2. d4 Bg7 3. Nc3 d6 4. Be3 Nf6 5. f3 Nbd7 6. Qd2 c5 7. Nge2 cxd4 8. Nxd4 h5 9. Be2 Ne5 10. O-O-O Bd7 11. h3 Rc8 12. Kb1 Nc4 13. Bxc4 Rxc4 14. g4 Qa5 15. Nb3 Qc7 16. g5 Nh7 17. Nd5 Qb8 18. Qd3 b5 19. Bd4 Bxd4 20. Nxd4 Nxg5 21. f4 Ne6 22. Nxe6 Bxe6 23. f5 Bxd5 24. Qxd5 g5 25. f6 exf6 26. Rhf1 Rh6 27. Rd2 Kf8 28. Rdf2 Kg7 29. Rf5 Rc5 30. Qd3 Re5 31. Qf3 Qd8 32. Rxe5 dxe5 33. a3 Qd7 34. h4 g4 35. Qf2 Rg6 36. Rg1 Qd4 37. Qe2 0-1


[Site "https://www.chess.com"]

[Event "Titled Tuesday Blitz August 22 Late 2023"]
[White "Flom, Gabriel"]
[Black "KorolDimitriy75"]
[WhiteFideId "621650"]
[WhiteElo "2496"]
[BlackElo "2351"]
[Result "1-0"]
[Round "4"]
[TimeControl "180+1"]
[Date "2023.08.22"]
[WhiteClock "0:00:19"]
[BlackClock "0:00:04"]
[Board "151"]

1. d4 Nf6 2. c4 c5 3. d5 b5 4. cxb5 a6 5. e3 axb5 6. Bxb5 Qa5+ 7. Nc3 Bb7 8. Bd2 Qb6 9. a4 Nxd5 10. Nf3 Nf6 11. O-O e6 12. e4 Nxe4 13. Nxe4 Bxe4 14. Bc3 Be7 15. Re1 Qb7 16. Ne5 O-O 17. Qg4 f5 18. Qg3 Bf6 19. Rad1 Bd5 20. h4 Nc6 21. h5 Nxe5 22. Bxe5 Bc6 23. h6 g6 24. Bxf6 Rxf6 25. Qe5 Rf7 26. Qxc5 Bxb5 27. axb5 Rb8 28. Re5 Qb6 29. Qc4 d5 30. Qe2 Qxb5 31. Rxe6 Qxe2 32. Rxe2 Rfb7 33. Rxd5 Rxb2 34. Re7 R2b7 35. Rdd7 Rxd7 36. Rxd7 Rf8 37. Rg7+ Kh8 38. f4 Re8 39. Kh2 Rf8 40. Kg3 Re8 41. Kh4 Rd8 42. Rf7 Kg8 43. Re7 Rf8 44. Rg7+ Kh8 45. Rd7 Kg8 46. Kg5 Kh8 47. Re7 Kg8 48. Rg7+ Kh8 49. Re7 Kg8 50. Re6 Kf7 51. Rf6+ Ke7 52. Rxf8 Kxf8 53. Kf6 Kg8 54. Ke7 g5 55. fxg5 f4 56. Kf6 Kf8 57. Kf5 Kf7 58. Kxf4 Kg6 59. Kg4 Kf7 60. Kf5 Ke7 61. g6 1-0


[Site "https://www.chess.com"]

[Event "Titled Tuesday Blitz August 22 Late 2023"]
[White "Okike, David"]
[Black "Filgueiras, Nathan Felipe"]
[WhiteFideId "8500134"]
[BlackFideId "2188562"]
[WhiteElo "2350"]
[BlackElo "2496"]
[Result "0-1"]
[Round "4"]
[TimeControl "180+1"]
[Date "2023.08.22"]
[WhiteClock "0:01:19"]
[BlackClock "0:00:31"]
[Board "152"]

1. e4 c5 2. Nf3 Nc6 3. d4 cxd4 4. Nxd4 e5 5. Nb5 d6 6. c4 Be7 7. N1c3 a6 8. Na3 f5 9. exf5 Bxf5 10. Bd3 Be6 11. Qh5+ Bf7 12. Qh3 Nf6 13. Bg5 Nd4 14. O-O Be6 15. Qh4 h6 16. Bxf6 Bxf6 17. Bg6+ Bf7 18. Bxf7+ Kxf7 19. Qe4 Qd7 20. Nd5 Qf5 21. Nxf6 Kxf6 22. Qxb7 Rhb8 23. Qd5 Qe6 24. Qxe6+ Kxe6 25. b3 a5 26. Kh1 a4 27. f4 axb3 28. axb3 Rxb3 29. Nb5 Rxa1 30. Rxa1 Nxb5 31. cxb5 e4 32. g4 Rxb5 33. Kg2 d5 34. Ra7 Rb2+ 35. Kg3 g5 36. Ra6+ Kf7 37. f5 Rb3+ 38. Kg2 d4 39. Rxh6 Rb2+ 40. Kg3 Rb3+ 41. Kg2 d3 42. Rd6 e3 43. Kf3 e2 44. Re6 Rb1 45. h4 gxh4 46. Rxe2 dxe2 47. Kxe2 Kf6 48. Kf3 Kg5 49. Ke4 Kxg4 50. f6 Rf1 51. Ke5 h3 0-1


[Site "https://www.chess.com"]

[Event "Titled Tuesday Blitz August 22 Late 2023"]
[White "Han, Yichen"]
[Black "Diano, Eden"]
[WhiteFideId "1054430"]
[BlackFideId "5203708"]
[WhiteElo "2346"]
[BlackElo "2495"]
[Result "0-1"]
[Round "4"]
[TimeControl "180+1"]
[Date "2023.08.22"]
[WhiteClock "0:00:03"]
[BlackClock "0:01:13"]
[Board "153"]

1. e4 c5 2. Nf3 a6 3. c3 Qc7 4. d4 d6 5. a4 Bg4 6. h3 Bxf3 7. Qxf3 cxd4 8. Be2 Nc6 9. O-O Nf6 10. Bg5 Ne5 11. Qg3 Nxe4 12. Qh4 Nxg5 13. Qxg5 d3 14. Bd1 f6 15. Qd2 Qc5 16. Kh1 g5 17. Bh5+ Kd7 18. Na3 Rc8 19. f4 gxf4 20. Qxf4 e6 21. Qxf6 Be7 22. Qh6 Rcf8 23. Rad1 Qa5 24. Rf4 Rxf4 25. Qxf4 Rf8 26. Qe3 Qxa4 27. Qb6 Qc6 28. Qe3 Rg8 29. Rd2 Bg5 0-1


[Site "https://www.chess.com"]

[Event "Titled Tuesday Blitz August 22 Late 2023"]
[White "Rizzo, Tobias"]
[Black "rionelG"]
[WhiteFideId "30942691"]
[WhiteElo "2493"]
[BlackElo "2342"]
[Result "1-0"]
[Round "4"]
[TimeControl "180+1"]
[Date "2023.08.22"]
[WhiteClock "0:00:05"]
[BlackClock "0:00:00"]
[Board "154"]

1. d4 Nf6 2. Bg5 d5 3. Bxf6 exf6 4. e3 c6 5. g3 Bd6 6. Bg2 O-O 7. Ne2 Bg4 8. O-O Nd7 9. Nd2 Re8 10. h3 Bxe2 11. Qxe2 f5 12. Qd3 g6 13. c4 Nf6 14. cxd5 Nxd5 15. a3 Bf8 16. b4 Rc8 17. Nb3 h5 18. h4 Nf6 19. Na5 Qd7 20. Rac1 Ne4 21. Nc4 Bg7 22. Nd2 c5 23. bxc5 Nxc5 24. Qb1 b6 25. Rfd1 Ne6 26. Nc4 Qa4 27. Nd6 Rxc1 28. Rxc1 Rd8 29. Nb5 Bf8 30. Bc6 Rc8 31. Nc7 Qxa3 32. Nxe6 fxe6 33. Rc2 Qd6 34. Bf3 Rxc2 35. Qxc2 e5 36. dxe5 Qxe5 37. Qa2+ Kh8 38. Qxa7 b5 39. Qa8 Kg7 40. Qb7+ Be7 41. Bd5 b4 42. Kg2 Qd6 43. Bb3 Qc5 44. Qd7 Qd6 45. Qe8 Kf6 46. Qf7+ Ke5 47. Bc2 1-0


[Site "https://www.chess.com"]

[Event "Titled Tuesday Blitz August 22 Late 2023"]
[White "Michalczak, Thomas"]
[Black "Bullen, Alex"]
[WhiteFideId "4622634"]
[BlackFideId "1801627"]
[WhiteElo "2488"]
[BlackElo "2341"]
[Result "0-1"]
[Round "4"]
[TimeControl "180+1"]
[Date "2023.08.22"]
[WhiteClock "0:01:51"]
[BlackClock "0:00:59"]
[Board "155"]

1. e4 c6 2. d4 d5 3. Nc3 dxe4 4. Nxe4 Bf5 5. Ng3 Bg6 6. h4 h6 7. Nf3 Nd7 8. h5 Bh7 9. Bd3 Bxd3 10. Qxd3 e6 11. Bf4 Bb4+ 12. c3 Be7 13. c4 Ngf6 14. O-O-O b5 15. Kb1 bxc4 16. Qxc4 Nd5 17. Bd2 O-O 18. Qxc6 Rc8 19. Qa4 N7b6 20. Qb3 Rb8 21. Ne4 Nd7 22. Qd3 Qb6 23. Bc1 Nb4 24. Qb3 Qc6 25. Rhe1 Nd5 26. Qc2 Qa6 27. Ka1 Rfc8 28. Qd3 Rxc1+ 0-1


[Site "https://www.chess.com"]

[Event "Titled Tuesday Blitz August 22 Late 2023"]
[White "Mickiewicz, Piotr"]
[Black "Harish, Neeraj"]
[WhiteFideId "1114891"]
[BlackFideId "30958130"]
[WhiteElo "2487"]
[BlackElo "2338"]
[Result "1-0"]
[Round "4"]
[TimeControl "180+1"]
[Date "2023.08.22"]
[WhiteClock "0:00:34"]
[BlackClock "0:00:09"]
[Board "156"]

1. Nf3 Nf6 2. b3 d5 3. Bb2 Bf5 4. g3 h6 5. Bg2 e6 6. O-O c6 7. d3 Bd6 8. Nbd2 Bh7 9. e4 Bc7 10. Re1 Nbd7 11. e5 Ng8 12. h4 Ne7 13. h5 c5 14. Qe2 Nc6 15. a4 Qe7 16. Nf1 O-O 17. N1h2 a6 18. Ng4 Rfc8 19. Bc1 b5 20. Bf4 bxa4 21. Rxa4 a5 22. Qd2 Nb6 23. Nxh6+ gxh6 24. Bxh6 Nxa4 25. Bg5 f6 26. Bxf6 Qf7 27. Qh6 Qf8 28. Qg5+ Kf7 29. bxa4 Qg8 30. Qf4 Ke8 31. Ng5 Bf5 32. Bxd5 exd5 33. Qxf5 Ne7 34. Bxe7 Kxe7 35. Qf6+ Ke8 36. Qc6+ Kf8 37. Ne6+ Ke7 38. Nxc7 Qd8 39. Qf6+ Kd7 40. Qd6# 1-0


[Site "https://www.chess.com"]

[Event "Titled Tuesday Blitz August 22 Late 2023"]
[White "Martinez, Shawn"]
[Black "Itkis, Boris"]
[WhiteFideId "2039770"]
[BlackFideId "1209167"]
[WhiteElo "2332"]
[BlackElo "2482"]
[Result "1-0"]
[Round "4"]
[TimeControl "180+1"]
[Date "2023.08.22"]
[WhiteClock "0:01:09"]
[BlackClock "0:00:11"]
[Board "157"]

1. e4 e6 2. d4 d5 3. Bd3 c5 4. exd5 exd5 5. dxc5 Bxc5 6. Nf3 Nf6 7. O-O O-O 8. Nbd2 Nc6 9. Nb3 Bb6 10. c3 Ne4 11. Bf4 Qf6 12. Qc1 Bg4 13. Ng5 Rfe8 14. h3 Bh5 15. Nxe4 dxe4 16. Bb5 a6 17. Bxc6 Qxc6 18. Be3 Bc7 19. Nd4 Qd6 20. g3 Bf3 21. Nxf3 exf3 22. Bf4 Qe6 23. Kh2 Bxf4 24. Qxf4 Qe2 25. Rae1 Qxb2 26. Qxf3 h6 27. Rb1 Qxa2 28. Rxb7 Rad8 29. Qf4 Rd2 30. Kg1 Ree2 31. c4 f6 32. Qg4 g5 33. Qc8+ 1-0


[Site "https://www.chess.com"]

[Event "Titled Tuesday Blitz August 22 Late 2023"]
[White "Urbina Perez, Juan Antonio"]
[Black "Ardila, Oscar Humberto"]
[WhiteFideId "2217368"]
[BlackFideId "4404742"]
[WhiteElo "2482"]
[BlackElo "2324"]
[Result "1-0"]
[Round "4"]
[TimeControl "180+1"]
[Date "2023.08.22"]
[WhiteClock "0:00:10"]
[BlackClock "0:00:01"]
[Board "158"]

1. e4 e5 2. Nf3 Nf6 3. Nxe5 d6 4. Nf3 Nxe4 5. c4 Be7 6. Nc3 Nxc3 7. bxc3 O-O 8. d4 Bg4 9. Be2 Nd7 10. O-O Bf6 11. h3 Bh5 12. Rb1 b6 13. Re1 Re8 14. Be3 c5 15. Nd2 Bg6 16. Rc1 Qc7 17. Bh5 Rad8 18. Bxg6 hxg6 19. Qa4 Nf8 20. Nf3 Ne6 21. Red1 Qb7 22. Qc2 Qa6 23. Qb3 Rc8 24. a4 Red8 25. a5 bxa5 26. Qa4 Kh8 27. Rd2 cxd4 28. cxd4 d5 29. c5 Rb8 30. Ra2 Rb5 31. Rca1 Rdb8 32. Qc2 g5 33. Qf5 Rb4 34. Qxd5 a4 35. Rd1 Qb5 36. Nxg5 Nxg5 37. Bxg5 Bxg5 38. Qxg5 Rb1 39. Ra1 Rxd1+ 40. Rxd1 Qb3 41. Qh5+ Kg8 42. c6 Qc2 43. d5 Rb2 44. Qf3 Rb1 45. Rxb1 Qxb1+ 46. Kh2 Qc2 47. d6 a3 48. d7 Qd2 49. Qxa3 Kh7 50. Qg3 Qd5 51. Qh4+ Kg6 52. d8=Q Qxd8 53. Qxd8 1-0


[Site "https://www.chess.com"]

[Event "Titled Tuesday Blitz August 22 Late 2023"]
[White "Matta, Nicholas"]
[Black "Stanisz, Patryk"]
[WhiteFideId "30914523"]
[BlackFideId "1123106"]
[WhiteElo "2480"]
[BlackElo "2324"]
[Result "0-1"]
[Round "4"]
[TimeControl "180+1"]
[Date "2023.08.22"]
[WhiteClock "0:00:09"]
[BlackClock "0:00:05"]
[Board "159"]

1. e4 c5 2. Nf3 Nc6 3. Bb5 g6 4. O-O Bg7 5. Bxc6 dxc6 6. Nc3 Bg4 7. h3 Bxf3 8. Qxf3 Nf6 9. d3 e5 10. Be3 Qe7 11. Na4 Nd7 12. Rab1 O-O 13. a3 f5 14. b4 b6 15. bxc5 b5 16. Nc3 f4 17. Bd2 Nxc5 18. Ne2 Ne6 19. c3 Qxa3 20. Qg4 Qe7 21. d4 exd4 22. cxd4 Nxd4 23. Nxf4 Qxe4 24. Rfe1 Qf5 25. Qg3 Bh6 26. Qc3 Bxf4 27. Qxd4 Bxd2 28. Qxd2 Rad8 29. Qe3 Rf7 30. Rbd1 Rxd1 31. Rxd1 a5 32. Rd8+ Rf8 33. Qb3+ Kg7 34. Rd2 a4 35. Qc3+ Qf6 36. Qc5 Rf7 37. Rd6 Qa1+ 38. Kh2 Qb2 39. f3 a3 40. Rxc6 a2 41. Rc7 a1=Q 42. Rxf7+ Kxf7 43. Qd5+ Kg7 44. Qd7+ Kh6 45. Qd2+ Qxd2 46. Kg3 Qde1+ 47. Kg4 Qe6+ 48. Kg3 Qae1+ 49. Kh2 Q6e5+ 50. g3 Qf2+ 51. Kh1 Qee1# 0-1


[Site "https://www.chess.com"]

[Event "Titled Tuesday Blitz August 22 Late 2023"]
[White "Fominykh, Maria"]
[Black "Sivakumar, Shaashwath"]
[WhiteFideId "4142411"]
[BlackFideId "30912156"]
[WhiteElo "2318"]
[BlackElo "2477"]
[Result "0-1"]
[Round "4"]
[TimeControl "180+1"]
[Date "2023.08.22"]
[WhiteClock "0:00:00"]
[BlackClock "0:00:31"]
[Board "160"]

1. d4 d5 2. c4 c6 3. Nf3 Nf6 4. Nc3 dxc4 5. a4 Bf5 6. e3 e6 7. Bxc4 Bb4 8. O-O Nbd7 9. Nh4 Bg6 10. Nxg6 hxg6 11. h3 O-O 12. Qe2 Qe7 13. e4 e5 14. dxe5 Nxe5 15. Ba2 Rad8 16. Bg5 Qc5 17. Be3 Qa5 18. f4 Nd3 19. e5 Rfe8 20. Rad1 Nxb2 21. Rxd8 Rxd8 22. Qxb2 Bxc3 23. Qxb7 Nd5 24. Bxd5 cxd5 25. Qxa7 Qb4 26. Rd1 d4 27. Bf2 Qb3 28. Rd3 Qc4 29. Rd1 d3 30. Qb6 Rd5 31. Qb8+ Kh7 32. Qb1 d2 0-1


[Site "https://www.chess.com"]

[Event "Titled Tuesday Blitz August 22 Late 2023"]
[White "Gogolev, Artem"]
[Black "Antonio, Jorge Carlos"]
[WhiteFideId "4116615"]
[BlackFideId "113190"]
[WhiteElo "2473"]
[BlackElo "2306"]
[Result "1/2-1/2"]
[Round "4"]
[TimeControl "180+1"]
[Date "2023.08.22"]
[WhiteClock "0:00:33"]
[BlackClock "0:01:36"]
[Board "161"]

1. d4 d5 2. c4 c6 3. Nf3 dxc4 4. e3 b5 5. a4 Bb7 6. b3 e6 7. bxc4 b4 8. a5 Na6 9. c5 Ne7 10. Be2 g6 11. O-O Bg7 12. Nbd2 Nxc5 13. Rb1 Na6 14. Nc4 O-O 15. Bd2 c5 16. dxc5 Be4 17. Rc1 Rb8 18. Nd6 Nxc5 1/2-1/2


[Site "https://www.chess.com"]

[Event "Titled Tuesday Blitz August 22 Late 2023"]
[White "Zampronha, Wladimir Camilo"]
[Black "Seletsky, Grigory"]
[WhiteFideId "2103087"]
[BlackFideId "14112191"]
[WhiteElo "2304"]
[BlackElo "2472"]
[Result "0-1"]
[Round "4"]
[TimeControl "180+1"]
[Date "2023.08.22"]
[WhiteClock "0:01:25"]
[BlackClock "0:01:03"]
[Board "162"]

1. e4 c5 2. Nf3 d6 3. d4 cxd4 4. Nxd4 Nf6 5. Nc3 a6 6. Bg5 e5 7. Nf5 Bxf5 8. exf5 Be7 9. Bxf6 Bxf6 10. Nd5 Nd7 11. Bc4 Rc8 12. Bb3 Nb6 13. O-O O-O 14. Qd3 Nxd5 15. Qxd5 Qd7 16. Qe4 Qc6 17. Rfe1 Rfd8 18. Rad1 d5 19. Bxd5 Qxc2 20. Bxb7 Rxd1 21. Bxc8 Rxe1+ 22. Qxe1 Qxc8 23. g3 h6 24. Qa5 Qb7 25. b3 Qb5 26. Qc7 e4 27. Qc8+ Kh7 28. Qc7 Qxf5 29. Qc6 Qe6 30. Qb7 e3 31. fxe3 Qxe3+ 32. Kg2 Qe2+ 33. Kh3 Kg6 34. Qd5 Qe6+ 0-1


[Site "https://www.chess.com"]

[Event "Titled Tuesday Blitz August 22 Late 2023"]
[White "Sanchez Castillo, Sarai Carolina"]
[Black "Toropov, Pavel"]
[WhiteFideId "3900754"]
[BlackFideId "24129178"]
[WhiteElo "2291"]
[BlackElo "2469"]
[Result "0-1"]
[Round "4"]
[TimeControl "180+1"]
[Date "2023.08.22"]
[WhiteClock "0:00:00"]
[BlackClock "0:00:01"]
[Board "163"]

1. e4 e6 2. d4 d5 3. Nc3 dxe4 4. Nxe4 Nd7 5. Bd3 Ngf6 6. Bg5 Be7 7. Nf3 O-O 8. Qe2 c5 9. h4 cxd4 10. Nxd4 Ne5 11. Nxf6+ Bxf6 12. Bxf6 Qxf6 13. O-O-O Nxd3+ 14. Rxd3 e5 15. Nb3 Bf5 16. Rg3 Rac8 17. c3 a6 18. h5 h6 19. Nd2 b5 20. a3 Rfd8 21. Ne4 Qe6 22. Rd1 Qa2 23. Rgd3 Rxd3 24. Qxd3 Be6 25. f3 Bb3 26. Rd2 Be6 27. Qb1 Qc4 28. Nd6 Qf1+ 29. Rd1 Qxg2 30. Nxc8 Qg5+ 31. Rd2 Qg1+ 32. Rd1 Qe3+ 33. Rd2 Qe1+ 34. Rd1 Qe3+ 35. Rd2 Bb3 36. Qd3 Qe1+ 37. Rd1 Bxd1 38. Qxd1 Qe3+ 39. Kb1 Qg5 40. Nd6 Qxh5 41. Ne4 Qg6 42. Qd8+ Kh7 43. Ka2 f5 44. Nd6 Qe6+ 0-1


[Site "https://www.chess.com"]

[Event "Titled Tuesday Blitz August 22 Late 2023"]
[White "Fernandez Lopez, Ruben"]
[Black "Cardozo Munar, Carlos Eduardo"]
[WhiteFideId "24518298"]
[BlackFideId "4409477"]
[WhiteElo "2469"]
[BlackElo "2287"]
[Result "1-0"]
[Round "4"]
[TimeControl "180+1"]
[Date "2023.08.22"]
[WhiteClock "0:02:21"]
[BlackClock "0:00:46"]
[Board "164"]

1. e4 e6 2. d4 d5 3. exd5 exd5 4. c4 Nc6 5. Nc3 Bb4 6. Nf3 Nf6 7. Bd3 O-O 8. O-O dxc4 9. Bxc4 Bg4 10. Be3 Re8 11. d5 Ne5 12. Be2 Bxc3 13. bxc3 Nxf3+ 14. Bxf3 Bxf3 15. Qxf3 Qxd5 16. Qg3 Qc6 17. Bd4 Rad8 18. Rfe1 Rxe1+ 19. Rxe1 a5 20. h3 b5 21. Bxf6 Qxf6 22. Qxc7 a4 23. Qc5 h6 24. Qxb5 Qxc3 25. Re8+ Rxe8 26. Qxe8+ Kh7 27. Qxf7 a3 28. g3 Qe1+ 29. Kg2 Qe4+ 30. Kh2 Qc2 31. h4 Qe2 32. Qf5+ Kh8 33. Kg2 h5 34. Qf8+ Kh7 35. Qxa3 Qe4+ 36. Qf3 Qg6 37. Qe2 Qc6+ 38. Kh2 g6 39. a3 Qa4 40. Qb2 Qe4 41. Qb4 Qf3 42. Qc5 Qb3 43. Qa7+ Kh6 44. a4 Qa2 45. a5 Qa4 46. a6 Qa5 47. Qe3+ Kh7 48. a7 Qa2 49. Qe7+ Kh6 50. Qf8+ Kh7 51. a8=Q 1-0


[Site "https://www.chess.com"]